 Dungeon Crawl Stone Soup version 0.31.0-11-ge490571c62 (webtiles) character file.

Game seed: 14917768537659539983

98 qw the Shooter (level 4, -3/25 HPs)
             Began as a Deep Elf Hunter on Feb 4, 2024.
             Slain by a gnoll
             ... wielding a +0 spear
              (6 damage)
             ... on level 3 of the Dungeon.
             The game lasted 00:00:35 (1331 turns).

qw the Shooter (Deep Elf Hunter)                    Turns: 1331, Time: 00:00:36

Health: -3/25      AC:  9    Str: 16    XL:     4   Next: 43%
Magic:  6/6        EV: 11    Int: 14    God:
Gold:   21         SH:  5    Dex: 18    Spells: 3/3 levels left

rFire   . . .        a - +0 shortbow
rCold   . . .        (shield currently unavailable)
rNeg    . . .        f - +0 ring mail
rPois   .            (no helmet)
rElec   .            (no cloak)
rCorr   .            (no gloves)
SInv    .            (no boots)
Will    .....        c - amulet of reflection
Stlth   +            h - +6 ring of strength
HPRegen 0.24/turn    i - +4 ring of protection
MPRegen 0.10/turn

%: reflection
@: no status effects
A: no striking features
a: no special abilities


You were on level 3 of the Dungeon.
You visited 1 branch of the dungeon, and saw 3 of its levels.

You collected 81 gold pieces.
You spent 60 gold pieces at shops.


   Skills:
 - Level 1.5 Fighting
 + Level 7.9 Ranged Weapons
 - Level 2.4 Dodging
 - Level 1.2 Stealth


You had 3 spell levels left.
You didn't know any spells.
Your spell library was empty.

Inventory:

Hand Weapons
 a - a +0 shortbow (weapon)
Armour
 f - a +0 ring mail (worn)
Jewellery
 c - an amulet of reflection (around neck)
 h - a +6 ring of strength (left hand)
 i - a +4 ring of protection (right hand)
Wands
 g - a wand of iceblast (3)
Scrolls
 b - a scroll of enchant armour {unknown}
 k - 3 scrolls of identify
Potions
 d - a potion of might
 e - 3 potions of curing
 j - a potion of invisibility {unknown}
 l - 2 potions of lignification {unknown}

Dungeon Overview and Level Annotations

Branches:
Dungeon (3/15)

Altars:
Ashenzari

Shops:
D:2 *


Message History

You kill the rat!
The gnoll barely misses you.
You shoot an arrow. The arrow hits the gnoll.
The gnoll is severely wounded.
The gnoll misses you.
You shoot an arrow. The arrow closely misses the gnoll.
The gnoll hits you with a +0 whip.
A gnoll comes into view. It is wielding a +0 spear.
The gnoll closely misses you. The gnoll hits you but does no damage.
The gnoll hits you with a +0 whip.
You shoot an arrow. The arrow closely misses the gnoll.
The gnoll shouts!
The gnoll closely misses you. You block the gnoll's attack.
The gnoll closely misses you.
You shoot an arrow.
The arrow hits the gnoll but does no damage.
The gnoll closely misses you. The gnoll hits you with a +0 whip.
The gnoll hits you but does no damage.
You shoot an arrow. The arrow barely misses the gnoll.
You block the gnoll's attack. The gnoll barely misses you.
The gnoll hits you from afar with a +0 halberd!
You shoot an arrow. The arrow hits the gnoll!
The gnoll is heavily wounded.
You block the gnoll's attack. The gnoll closely misses you.
The gnoll misses you.
You shoot an arrow. The arrow hits the gnoll.
You kill the gnoll!
The gnoll closely misses you. x2
You shoot an arrow. The arrow hits the gnoll!
You kill the gnoll!
You block the gnoll's attack.
You shoot an arrow. The arrow closely misses the gnoll.
The gnoll closely misses you. The gnoll misses you.
You shoot an arrow.
The arrow hits the gnoll but does no damage.
You block the gnoll's attack. The gnoll hits you but does no damage.
You shoot an arrow. The arrow hits the gnoll!
The gnoll is heavily wounded.
The gnoll hits you from afar with a +0 spear. x2
You die...

#[)..#<.#
#....####
#....######
#.........#
#...#####.#
+.### #..#
##.######.
#@.......
#).......
##gg>....
.......
.......
.......
.......
......[


You could see 2 gnolls.

Vanquished Creatures
  2 gnolls (D:3)
  An adder (D:2)
  A ribbon worm (D:3)
  8 ball pythons
  2 bats
  6 endoplasms
  3 giant cockroaches
  5 goblins
  7 hobgoblins
  4 jackals (D:2)
  4 kobolds
  4 quokkas
  4 frilled lizards
  8 rats
59 creatures vanquished.

Notes
Turn   | Place    | Note
-------+----------+-------------------------------------------
     0 | D:1      | qw the Deep Elf Hunter began the quest for the Orb.
     0 | D:1      | Reached XP level 1. HP: 12/12 MP: 3/3
     0 | D:1      | 0 ||| qw: Version: 0.3-a-160-g6735b56
     0 | D:1      | 0 ||| qw: Game counter: 5857
     0 | D:1      | 0 ||| qw: Melee chars always use a shield: true
     0 | D:1      | 0 ||| qw: God list: Okawaru
     0 | D:1      | 0 ||| qw: Allow faded altars: false
     0 | D:1      | 0 ||| qw: Do Orc after clearing Dungeon:15 true
     0 | D:1      | 0 ||| qw: Do second Lair branch before Depths: true
     0 | D:1      | 0 ||| qw: Lair rune preference: random
     0 | D:1      | 0 ||| qw: Goals: Normal
     0 | D:1      | 0 ||| PLANNING D:1-11
    79 | D:1      | Reached XP level 2. HP: 16/16 MP: 4/4
   100 | D:1      | Reached skill level 6 in Ranged Weapons
   357 | D:1      | Reached XP level 3. HP: 20/20 MP: 5/5
   628 | D:1      | 628 ||| UPGRADING to +0 ring mail.
   638 | D:1      | 638 ||| DROPPING +0 leather armour.
   639 | D:1      | 639 ||| UPGRADING to +6 ring of strength.
   640 | D:1      | 640 ||| READING scroll labelled ZOMMAO QUKK.
   641 | D:1      | 641 ||| READING scroll labelled ATHRYX ERUOPH.
   641 | D:1      | 641 ||| IDENTIFYING inky potion
   642 | D:1      | 642 ||| DROPPING scroll of butterflies.
   724 | D:2      | Reached skill level 7 in Ranged Weapons
   781 | D:2      | Found Letu's General Store.
   784 | D:2      | 784 ||| SHOPLISTING potion of cancellation (96 gold, have
                  | 71).
   784 | D:2      | 784 ||| BUYING potion of curing (36 gold).
   784 | D:2      | Bought a potion of curing for 36 gold pieces
   784 | D:2      | 784 ||| BUYING scroll of identify (24 gold).
   784 | D:2      | Bought a scroll of identify for 24 gold pieces
   784 | D:2      | 784 ||| SHOPLISTING wand of flame (14) (117 gold, have 11).
   869 | D:2      | Found a faded altar of an unknown god.
  1005 | D:2      | 1005 ||| UPGRADING to amulet of reflection.
  1010 | D:2      | 1010 ||| UPGRADING to +4 ring of protection.
  1011 | D:2      | 1011 ||| READING scroll of identify.
  1011 | D:2      | 1011 ||| IDENTIFYING scroll labelled WEIPIO GEANYUZ
  1012 | D:2      | 1012 ||| DROPPING scroll of blinking.
  1097 | D:3      | Found a broken altar of Ashenzari.
  1210 | D:3      | Reached XP level 4. HP: 25/25 MP: 6/6
  1325 | D:3      | HP: 5/25 [gnoll/+0 halberd (11)]
  1331 | D:3      | HP: 3/25 [gnoll/+0 spear (4)]
  1331 | D:3      | Slain by a gnoll

Levels and vault maps discovered:
D:1:      saegor_arrival_miasma, layout_basic, minmay_hexomino_f4
D:2:      layout_basic, serial_shops, nicolae_shop_behind_doors,
          ebering_ecumenical_altar_box
D:3:      cheibrodos_old_hovel, layout_basic, lemuel_tele_altar, st_stairs_14

Skill      XL: |  1  2  3 |
---------------+----------+-----
Ranged Weapons | 6 7 |  7.9
Fighting       | |  1.5
Dodging        | |  2.4
Stealth        | |  1.2

Action                     |  1- 3 |  4- 6 || total
---------------------------+-------+-------++-------
   Fire: Shortbow          |   128 |    37 ||   165
    Use: Scroll            |     3 |       ||     3
 Armour: Leather armour    |    12 |       ||    12
         Ring mail         |     9 |    13 ||    22
  Dodge: Dodged            |    16 |    17 ||    33
  Block: Other             |       |     7 ||     7

Table legend:
 A = Non-vault XP
 B = Vault XP
 C = Vault XP percentage of total XP
 D = Non-vault monster count
 E = Vault monster count
 F = Vault count percentage of total count
                 A         B        C        D         E       F
            +---------+---------+-------+---------+---------+-------
      Total |     132 |       8 |   5.7 |      54 |       5 |   8.5
            +---------+---------+-------+---------+---------+-------
        D:1 |      37 |       7 |  15.9 |      23 |       4 |  14.8
        D:2 |      39 |       0 |   0.0 |      16 |       0 |   0.0
        D:3 |      56 |       1 |   1.8 |      15 |       1 |   6.2
            +---------+---------+-------+---------+---------+-------
